AoeStats
← bernalesmoenne

Lombardia

510217807Analyzed
2v2 RM · 2d ago on Sep 30, 2026· 41m 38s· 4 players
Game mode
Random Map
Map size
Medium (4 player)
Population
200
Speed
Normal
Resources
Standard
Victory
Conquest
Starting age
Dark Age
Ending age
Imperial Age
RankedLock teamsTeams togetherTeam positionsShared explorationLock speedFull tech treeHidden civsTurbo modeCheats
Victory
Defeat
🇨🇱 Mongols · Chile
644
+27
🇨🇱 Japanese · Chile
567
+22
🇦🇷 Sicilians · Argentina
722
-21
🇦🇷 Persians · Argentina
691
-20
bernalesmoenne
1:51 Loom
12:42 Feudal Age
16:04 Horse Collar
16:14 Double-Bit Axe
21:37 Castle Age
22:28 Thumb Ring
25:07 Padded Archer Armor
24:58 Fletching
34:07 Imperial Age
32:14 Bow Saw
33:16 Leather Archer Armor
32:57 Bodkin Arrow
33:56 Squires
35:19 Pikeman
Jeshu17hds
1:04 Loom
15:19 Feudal Age
16:50 Wheelbarrow
17:11 Town Watch
17:16 Double-Bit Axe
17:15 Horse Collar
17:04 Man-at-Arms
19:17 Arson
30:44 Castle Age
31:53 Hand Cart
32:06 Forging
31:47 Fletching
31:58 Padded Archer Armor
31:59 Scale Mail Armor
42:12 Imperial Age
39:35 Treadmill Crane
39:50 Murder Holes
ORTERO
13:37 Feudal Age
13:04 Loom
17:10 Wheelbarrow
21:27 Castle Age
22:30 Town Watch
26:45 Husbandry
27:04 Scale Barding Armor
27:13 Horse Collar
28:22 Heavy Plow
28:36 Double-Bit Axe
30:19 Bloodlines
32:00 Forging
31:44 Gold Mining
32:26 Bow Saw
33:23 Iron Casting
40:07 Imperial Age
38:52 Padded Archer Armor
38:17 Crossbowman
39:51 Kamandaran
40:40 Gold Shaft Mining
41:10 Conscription
41:08 Fletching
elnano4cchi
Connection lost

Rejoining the realm…

Still unreachable

The connection could not be restored.

Session expired

The server has moved on; the page needs a fresh start.